 Dungeon Crawl Stone Soup version 0.19.1-1-g22dce08 (webtiles) character file.

2986 Gargoyl the Covered (level 9, -3/73 (74) HPs)
             Began as a Ghoul Abyssal Knight on Jan 16, 2017.
             Was a Priest of Lugonu.
             Slain by a hornet (11 damage)
             ... on level 7 of the Dungeon.
             The game lasted 00:16:27 (6681 turns).

Gargoyl the Covered (Ghoul Abyssal Knight)          Turns: 6681, Time: 00:16:27

HP:   -3/73 (74)    AC: 16    Str: 20      XL:     9   Next: 83%
MP:   2/12          EV:  4    Int: 12      God:    Lugonu [***...]
Gold: 416           SH:  8    Dex:  9 (12) Spells: 0 memorised, 8 levels left

rFire  + . .     SeeInvis .     a - +2 hand axe
rCold  + + +     Gourm    .     f - +0 plate armour
rNeg   + + +     Faith    .     A - +0 shield "Ossum" {rElec Dex+2 Slay+2}
rPois  ∞         Spirit   .     (no helmet)
rElec  +         Reflect  .     k - +0 cloak
rCorr  +         Harm     .     (no gloves)
MR     .....                    v - +0 pair of boots
Stlth  ..........               y - amulet of regeneration
                                o - ring of protection from cold
                                s - +3 ring of strength

@: brilliant, resistant, rotting
A: rotting body, claws 1, carnivore 3, cold resistance 1, negative energy
resistance 3, slow regeneration 1, torment resistance, unbreathing
a: Depart the Abyss, Bend Space, Banish, Renounce Religion


You were on level 7 of the Dungeon.
You worshipped Lugonu.
Lugonu was most pleased with you.
You were not hungry.

You visited 1 branch of the dungeon, and saw 8 of its levels.
You visited the Abyss 2 times.
You also visited: Ossuary.

You collected 781 gold pieces.
You spent 365 gold pieces at shops.

Inventory:

Hand Weapons
 a - a +2 hand axe (weapon)
Armour
 f - a +0 plate armour (worn)
 k - a +0 cloak (worn)
 v - a +0 pair of boots (worn)
 A - the +0 shield "Ossum" (worn) {rElec Dex+2 Slay+2}
   (You bought it in a shop on level 4 of the Dungeon)

   It affects your dexterity (+2).
   It affects your accuracy and damage with ranged weapons and melee attacks
   (+2).
   It insulates you from electricity.
Jewellery
 o - a ring of protection from cold (right claw)
 s - a +3 ring of strength (left claw)
 y - an amulet of regeneration (around neck)
Scrolls
 b - 3 scrolls of amnesia
 d - 6 scrolls of recharging
 g - 6 scrolls of identify
 h - a scroll of blinking
 j - 3 scrolls of remove curse
 l - 3 scrolls of fear
 q - 3 scrolls of teleportation
 B - a scroll of enchant weapon
 C - 2 scrolls of holy word {unknown}
Potions
 e - a potion of flight
 i - 2 potions of curing
 m - 2 potions of berserk rage
 n - 2 potions of agility
 p - 2 potions of beneficial mutation
 t - a potion of invisibility
 w - a potion of brilliance
 z - 2 potions of cure mutation
 D - a potion of haste
Books
 r - a book of Minor Magic

   Spells                             Type                      Level
   a - Magic Dart                     Conjuration                  1
   b - Blink                          Translocation                2
   c - Call Imp                       Summoning                    2
   d - Repel Missiles                 Charms/Air                   2
   e - Slow                           Hexes                        2
   f - Conjure Flame                  Conjuration/Fire             3
   g - Mephitic Cloud                 Conjuration/Poison/Air       3
Comestibles
 c - 7 meat rations


   Skills:
 + Level 5.5 Fighting
 + Level 6.9 Axes
 * Level 7.6 Armour
 + Level 1.3 Dodging
 + Level 2.7 Shields
 * Level 6.1 Invocations


You had 8 spell levels left.
You didn't know any spells.

Dungeon Overview and Level Annotations

Branches:
Dungeon (8/15)             Temple (0/1) D:5
   Lair: D:8-11

Altars:
Ashenzari
Cheibriados
Elyvilon
Gozag
Sif Muna
Vehumet
Xom
Zin

Shops:
D:4 [

Annotations:
D:3 kuus's ghost, amateur GrFi
D:8 Lahna's ghost, novice MiBe; Psyche


Innate Abilities, Weirdness & Mutations

Your body is rotting away.
You thrive on raw meat.
You are immune to poison.
You have sharp fingernails.
You are carnivorous and can eat meat at any time.
Your flesh is cold resistant. (rC+)
You are immune to negative energy. (rN+++)
You regenerate slowly when monsters are visible.
You are immune to unholy pain and torment.
You can survive without breathing.


Message History

* * * LOW HITPOINT WARNING * * *
It was a potion of cure mutation.
It has a very clean taste.
The hornet completely misses you. The hornet barely misses you.
It was a potion of lignification.
You feel woody for a moment. The hornet stings you.
* * * LOW HITPOINT WARNING * * *
It was a potion of mutation.
You feel extremely strange.
Your body decomposes!
You feel clumsy.
Your body decomposes!
You feel clumsy.
Your body decomposes!
You feel clumsy. The hornet stings you!
* * * LOW HITPOINT WARNING * * *
The hornet stings you but does no damage.
It was a potion of resistance.
You feel protected. The hornet stings you!
You die...

####'###.########'#.....#...
#....###.###.###..#.....#..#
#.................#.....#..#
#.................#.....#...
#.................#.....'...
#.....###+###.#####....>####
#.....#.....#.###.####......
#.....#.....#........#......
#.....'...y@+........#......
########.....#..##.##.#......
#............#..##.##.##.....
#............#.........+.....
#............'.........#.....
#............#.........#.....
########.....#...####..#.....
#.....#...####..#####.
#.....#.............#.


You could see a hornet.

Vanquished Creatures
  Pikel (D:6)
  Grum (D:8)
  An orc warrior (D:7)
  A black bear (D:7)
  A sky beast (D:7)
  An ice beast (D:5)
  A necrophage (D:7)
  A phantom (D:7)
  An ogre (D:8)
  A centaur (D:7)
  2 wolves (D:8)
  2 scorpions
  A water moccasin skeleton (D:8)
  2 howler monkeys
  4 crimson imps
  2 bullfrog zombies
  2 orc wizards
  5 hounds
  A bullfrog skeleton (D:7)
  5 worker ants
  3 iguanas
  A killer bee zombie (D:7)
  2 hound skeletons
  A howler monkey zombie (D:6)
  9 mummies
  5 adders
  3 gnolls
  A howler monkey skeleton (D:6)
  2 shadow imps
  2 oozes (D:1)
  3 adder skeletons
  2 dart slugs
  4 leopard geckos
  5 orcs
  4 bats (D:1)
  8 giant cockroaches
  4 gnoll zombies (Ossuary)
  4 goblins
  7 hobgoblins
  6 jackals
  8 kobolds
  A quokka (D:4)
  3 frilled lizards (D:2)
  3 hobgoblin zombies (Ossuary)
  A leopard gecko skeleton (D:5)
  An orc zombie (Ossuary)
  5 rats
134 creatures vanquished.

Vanquished Creatures (others)
  2 hornets (D:8)
  The ghost of monokles the Skirmisher, an amateur DsMo (Ossuary)
  A quokka (D:6)
4 creatures vanquished.

Grand Total: 138 creatures vanquished

Notes
Turn   | Place    | Note
-------+----------+-------------------------------------------
     0 | Abyss:1  | Gargoyl the Ghoul Abyssal Knight began the quest for the Orb.
     0 | Abyss:1  | Reached XP level 1. HP: 19/19 MP: 1/1
   157 | Abyss:1  | Noticed a green draconian zealot
   168 | Abyss:1  | Noticed a small abomination
   170 | Abyss:2  | Found a corrupted altar of Lugonu.
   178 | Abyss:2  | Noticed a small abomination
   206 | Abyss:4  | Noticed a neqoxec
   206 | Abyss:4  | Noticed a neqoxec
   206 | Abyss:4  | Noticed a glowing orange brain
   206 | Abyss:4  | Noticed a glowing orange brain
   212 | Abyss:4  | Noticed an iron imp
   214 | Abyss:4  | Noticed a quasit
   224 | Abyss:4  | Found a corrupted altar of Lugonu.
   226 | Abyss:4  | Noticed a quasit
   226 | Abyss:4  | Noticed a manticore
   226 | Abyss:4  | a glowing shapeshifter changed into a manticore
   227 | D:1      | Escaped the Abyss
   234 | D:1      | Reached * piety under Lugonu
   316 | D:1      | Reached XP level 2. HP: 23/26 MP: 2/2
   326 | D:1      | Reached skill level 2 in Armour
   466 | D:1      | Found a shimmering altar of Xom.
   468 | D:1      | Found a shattered altar of Ashenzari.
   468 | D:1      | Found a deep blue altar of Sif Muna.
   470 | D:1      | Found a glowing golden altar of the Shining One.
   470 | D:1      | Found a radiant altar of Vehumet.
   470 | D:1      | Found a glowing silver altar of Zin.
   518 | D:1      | Reached XP level 3. HP: 28/33 MP: 3/3
  1183 | D:2      | Reached XP level 4. HP: 40/40 MP: 4/4
  1327 | D:2      | Reached ** piety under Lugonu
  1639 | D:3      | Noticed kuus's ghost (amateur GrFi)
  2014 | D:4      | Reached skill level 3 in Armour
  2014 | D:4      | Reached XP level 5. HP: 31/46 MP: 6/6
  2121 | D:4      | Found Ullettic's Armour Boutique.
  2158 | D:4      | Found a snail-covered altar of Cheibriados.
  2749 | D:5      | Entered Level 5 of the Dungeon
  2797 | D:4      | Reached XP level 6. HP: 37/52 MP: 7/7
  2864 | D:4      | Reached skill level 4 in Armour
  2928 | D:5      | Noticed an ice beast
  2981 | D:5      | Killed an ice beast
  3314 | D:5      | Found a staircase to the Ecumenical Temple.
  3338 | D:5      | Reached XP level 7. HP: 58/58 MP: 8/8
  3380 | D:5      | Reached skill level 1 in Dodging
  3886 | D:4      | Bought the cursed +0 shield "Ossum" {rElec Dex+2 Slay+2} for 365 gold pieces
  4089 | D:6      | Noticed Pikel
  4090 | D:6      | Found a white marble altar of Elyvilon.
  4111 | D:6      | Killed Pikel
  4111 | D:6      | Reached skill level 5 in Axes
  4111 | D:6      | Reached skill level 5 in Armour
  4111 | D:6      | Reached XP level 8. HP: 23/67 MP: 10/10
  4138 | D:6      | Reached skill level 5 in Fighting
  4325 | D:6      | You fall through a shaft!
  4346 | D:7      | Reached skill level 6 in Armour
  4433 | D:7      | Reached skill level 1 in Shields
  4507 | D:7      | Reached skill level 5 in Invocations
  4512 | D:7      | Reached *** piety under Lugonu
  4773 | D:6      | Found a faded altar of an unknown god.
  4773 | D:6      | Found a faded altar of an unknown god.
  4778 | D:6      | Found a deep blue altar of Sif Muna.
  4780 | D:6      | Found a faded altar of an unknown god.
  4782 | D:6      | Found an opulent altar of Gozag.
  5063 | D:7      | Reached XP level 9. HP: 68/74 MP: 11/11
  5598 | D:8      | Noticed Psyche
  5609 | D:8      | Cast into level 1 of the Abyss (Psyche)
  5677 | D:8      | Escaped the Abyss
  5853 | D:8      | Noticed Lahna's ghost (novice MiBe)
  6102 | D:8      | Noticed Grum
  6107 | D:8      | Found a sand-covered staircase.
  6196 | D:8      | Reached skill level 7 in Armour
  6203 | D:8      | Killed Grum
  6271 | Ossuary  | Entered an ossuary
  6341 | Ossuary  | Noticed monokles's ghost (amateur DsMo)
  6341 | Ossuary  | Banished monokles's ghost
  6642 | D:8      | Noticed a hornet
  6643 | D:8      | Noticed a hornet
  6662 | D:8      | Banished a hornet
  6663 | D:8      | Noticed a hornet
  6664 | D:8      | Banished a hornet
  6681 | D:7      | Slain by a hornet

Skill      XL: |  1  2  3  4  5  6  7  8  9 |
---------------+----------------------------+-----
Armour         | 2 3 4 5 6 7 |  7.6
Axes           | 2 3 5 6 |  6.9
Fighting       | 4 5 |  5.5
Invocations    | 3 4 5 6 |  6.1
Dodging        | 1 |  1.3
Shields        | 1 2 |  2.7

Action                   |  1- 3 |  4- 6 |  7- 9 || total
-------------------------+-------+-------+-------++-------
Melee: Hand axe          |    81 |   325 |   440 ||   846
Invok: Depart the Abyss  |     1 |       |     1 ||     2
       Bend Space        |       |     1 |     1 ||     2
       Banish            |       |       |     4 ||     4
  Use: Scroll            |     1 |     2 |    13 ||    16
       Potion            |       |     1 |    22 ||    23
  Eat: Chunk             |    11 |    29 |    35 ||    75
Armor: Plate armour      |   102 |   288 |   326 ||   716
Dodge: Dodged            |    23 |   101 |    88 ||   212
Block: Shield            |       |       |   160 ||   160
